 Dungeon Crawl Stone Soup version 0.30.1 (webtiles) character file.

Game seed: 8718869225275363010

4673 Graphine the Trooper (level 10, -3/79 HPs)
             Began as a Demonspawn Fighter on July 10, 2023.
             Was a Follower of Cheibriados.
             Slain by a troll (8 damage)
             ... on level 10 of the Dungeon.
             The game lasted 00:18:14 (7519 turns).

Graphine the Trooper (Demonspawn Fighter)           Turns: 7519, Time: 00:18:15

Health: -3/79      AC:  9    Str: 20    XL:     10   Next: 21%
Magic:  10/12      EV: 11    Int: 14    God:    Cheibriados [*.....]
Gold:   336        SH: 14    Dex: 15    Spells: 5/11 levels left

rFire   . . .        a - +1 war axe
rCold   . . .        p - +3 buckler
rNeg    . . .        b - +0 scale mail
rPois   .            (helmet currently unavailable)
rElec   .            (no cloak)
rCorr   .            (no gloves)
SInv    .            t - melded +0 pair of boots
Will    +....        m - amulet of reflection Stlth
                     u - ring of willpower
HPRegen 0.33/turn    (no ring)
MPRegen 0.13/turn

%: reflection
@: appendages (expiring), wereblooded, very slow
A: horns 2, talons 2, claws 2, molten scales 1, demonic guardian 2
a: End Transformation, Renounce Religion, Bend Time


You were on level 10 of the Dungeon.
You worshipped Cheibriados.
Cheibriados was aware of your devotion.
You had temporarily grown beastly horns and talons.
You visited 1 branch of the dungeon, and saw 10 of its levels.

You collected 588 gold pieces.
You spent 252 gold pieces at shops.

Inventory:

Hand Weapons
 a - a +1 war axe (weapon)
 l - a +0 dagger of venom
Missiles
 c - 2 boomerangs of dispersal
Armour
 b - a +0 scale mail (worn)
 p - a +3 buckler (worn)
 t - a +0 pair of boots (melded)
 A - a +0 kite shield
Jewellery
 i - a ring of fire
 m - an amulet of reflection (around neck)
 n - an amulet of the acrobat
 u - a ring of willpower (left claw)
Wands
 k - a wand of iceblast (6)
 v - a wand of mindburst (7) (quivered)
Scrolls
 e - 4 scrolls of teleportation
 g - 3 scrolls of enchant weapon
 h - 4 scrolls of fog
 j - 3 scrolls of enchant armour
 x - a scroll of poison
Potions
 d - 3 potions of might
 f - 3 potions of attraction
 o - 2 potions of curing
 q - 3 potions of mutation
 r - a potion of berserk rage
 s - a potion of ambrosia
 w - a potion of resistance
 z - a potion of invisibility {unknown}


   Skills:
 + Level 7.2 Fighting
 - Level 4.0 Axes
 + Level 6.4 Armour
 + Level 4.2 Dodging
 + Level 6.5 Shields
 + Level 4.4 Unarmed Combat
 + Level 1.2 Spellcasting
 + Level 4.3 Transmutations
 + Level 3.1 Invocations


You had 5 spell levels left.
You knew the following spells:

 Your Spells              Type           Power      Damage    Failure   Level
a - Beastly Appendage     Tmut           26%        N/A       14%         1
b - Wereblood             Tmut           13%        N/A       22%         2
c - Spider Form           Tmut/Pois      6%         N/A       71%         3

Your spell library contained the following spells:

 Spells                   Type           Power      Damage    Failure   Level
 Sublimation of Blood     Necr           0%         N/A       77%         2
 Summon Hydra             Summ           0%         N/A       100%        7


Dungeon Overview and Level Annotations

Branches:
Dungeon (10/15)               Orc (0/2) D:9
 Temple: D:4-7         Lair: D:8-11

Altars:
Cheibriados
Kikubaaqudgha
Nemelex Xobeh
Qazlal
Ru
Uskayaw
Vehumet

Shops:
D:5 ?   D:8 (


Innate Abilities, Weirdness & Mutations

You have temporarily grown beastly horns and talons.
You have very sharp fingernails.
You are partially covered in molten scales. (AC +2)
A demonic guardian rushes to your aid.


Message History

You closely miss the troll. You claw the troll, but do no damage.
The troll is lightly wounded.
The troll bites you. The troll claws you. You block the troll's attack.
The troll bites you! You block the troll's attack.
The troll claws you but does no damage.
You slash the troll!
The troll is heavily wounded.
You block the troll's attack. The troll barely misses you. The troll claws you.
You hit the troll. You claw the troll.
The troll is heavily wounded.
The troll bites you. The troll claws you.
* * * LOW HITPOINT WARNING * * *
The troll claws you but does no damage.
You closely miss the troll. You claw the troll.
The troll is heavily wounded.
You block the troll's attack. The troll claws you but does no damage.
You block the troll's attack.
You slash the troll! You claw the troll.
The troll is almost dead.
You block the troll's attack. x2; The troll barely misses you.
The troll bites you.
* * * LOW HITPOINT WARNING * * *
The troll closely misses you. The troll claws you but does no damage.
You closely miss the troll. Your kick misses the troll.
Your headbutt misses the troll.
The troll is severely wounded.
Your transformation is almost over.
You block the troll's attack. x2; The troll barely misses you.
You barely miss the troll. You claw the troll. You headbutt the troll.
The troll is almost dead.
The troll bites you!
* * * LOW HITPOINT WARNING * * *
A demonic guardian appears!
You block the troll's attack. The troll barely misses you. The troll bites you!
* * * LOW HITPOINT WARNING * * *
You block the troll's attack. The troll barely misses you.
You barely miss the troll. Your headbutt misses the troll.
The troll is almost dead.
The troll bites you!
You die...

## .. #. #> .## .#
#. ..###.# #T##
#..... # #4@######
#...####.
##......###....
...
######..#..####...
##....#.<..#.
##....††....
#......#.##
#.<#..#..#
........#)##
..###..>...#


You could see a troll (ally target) and a friendly ice devil (summoned).

Vanquished Creatures
  A wyvern (D:9)
  3 yaks (D:10)
  2 water moccasins (D:9)
  2 orc warriors
  A sky beast (D:6)
  4 black bears (D:6)
  An ice beast (D:6)
  2 ogres
  3 centaurs
  2 phantoms
  3 kobold brigands
  A bullfrog (D:8)
  6 killer bees (D:8)
  2 hounds
  2 orc priests (D:9)
  4 iguanas
  7 orc wizards
  7 adders
  2 worms
  5 dart slugs
  11 orcs
  5 endoplasms
  2 giant cockroaches
  6 goblins
  8 hobgoblins
  6 jackals (D:1)
  16 kobolds
  5 quokkas
  8 ball pythons
  5 bats
  3 frilled lizards
  4 rats
  A spectral hobgoblin (D:2)
140 creatures vanquished.

Vanquished Creatures (collateral kills)
  Pikel (D:6)
  An ugly thing (D:8)
  A cyclops (D:9)
  Sigmund (D:6)
  A phantom (D:4)
  Jessica (D:2)
  A goblin (D:2)
  A frilled lizard (D:2)
8 creatures vanquished.

Grand Total: 148 creatures vanquished

Notes
Turn   | Place    | Note
-------+----------+-------------------------------------------
     0 | D:1      | Graphine the Demonspawn Fighter began the quest for the
                  | Orb.
     0 | D:1      | Reached XP level 1. HP: 18/18 MP: 1/1
   149 | D:1      | Gained mutation: A weak demonic guardian rushes to your
                  | aid. [demonic ancestry]
   149 | D:1      | Reached XP level 2. HP: 22/24 MP: 2/2
   444 | D:1      | Reached XP level 3. HP: 21/29 MP: 3/3
   826 | D:2      | Found a faded altar of an unknown god.
  1066 | D:2      | Noticed Jessica
  1077 | D:2      | Killed Jessica
  1078 | D:2      | Gained mutation: You are partially covered in molten
                  | scales. (AC +2) [demonic ancestry]
  1078 | D:2      | Reached XP level 4. HP: 11/36 MP: 4/4
  1307 | D:2      | Gained mutation: A demonic guardian rushes to your aid.
                  | [demonic ancestry]
  1307 | D:2      | Reached XP level 5. HP: 42/42 MP: 5/5
  1882 | D:3      | Found a radiant altar of Vehumet.
  1935 | D:3      | Found a sacrificial altar of Ru.
  2215 | D:3      | Reached skill level 4 in Fighting
  2588 | D:4      | Identified the staff of earth "Xoomyzie" {rC+ Str+5}
  2613 | D:4      | Noticed an ogre
  2623 | D:4      | Killed an ogre
  2638 | D:4      | Noticed a phantom
  2665 | D:4      | Killed a phantom
  2666 | D:4      | Gained mutation: You have sharp fingernails. [demonic
                  | ancestry]
  2666 | D:4      | Reached XP level 6. HP: 38/49 MP: 6/6
  3542 | D:5      | Entered Level 5 of the Dungeon
  3858 | D:5      | Reached XP level 7. HP: 55/55 MP: 7/7
  4025 | D:5      | Reached skill level 5 in Fighting
  4222 | D:5      | Found The Oracle's Delphic Readings.
  4233 | D:5      | Bought a book of Changes for 252 gold pieces
  4353 | D:6      | Noticed Pikel
  4370 | D:6      | Killed Pikel
  4371 | D:6      | Reached skill level 1 in Dodging
  4371 | D:6      | Reached skill level 5 in Shields
  4371 | D:6      | Reached skill level 1 in Unarmed Combat
  4371 | D:6      | Reached skill level 1 in Transmutations
  4371 | D:6      | Reached XP level 8. HP: 41/63 MP: 8/8
  4375 | D:6      | Learned a level 1 spell: Beastly Appendage
  4380 | D:6      | Learned a level 2 spell: Wereblood
  4384 | D:6      | Learned a level 3 spell: Spider Form
  4594 | D:6      | Reached skill level 5 in Armour
  4907 | D:6      | Noticed Sigmund
  4916 | D:6      | Killed Sigmund
  4917 | D:6      | Reached skill level 6 in Fighting
  5110 | D:6      | Found a stormy altar of Qazlal.
  5223 | D:6      | Gained mutation: You have very sharp fingernails. [demonic
                  | ancestry]
  5223 | D:6      | Reached XP level 9. HP: 67/69 MP: 9/9
  5305 | D:7      | You fall into a shaft and drop 1 floor!
  5455 | D:8      | Noticed a cyan ugly thing
  5473 | D:8      | Killed a cyan ugly thing
  5766 | D:8      | Found an ancient bone altar of Kikubaaqudgha.
  5766 | D:8      | Found a snail-covered altar of Cheibriados.
  5776 | D:8      | Became a worshipper of Cheibriados the Contemplative
  5879 | D:8      | Found Cufuheut's Antique Weapon Emporium.
  6428 | D:9      | Reached skill level 1 in Invocations
  6672 | D:9      | Found a sparkling altar of Nemelex Xobeh.
  6697 | D:9      | Found a hide-covered altar of Uskayaw.
  6727 | D:9      | Found a staircase to the Orcish Mines.
  6927 | D:9      | Reached skill level 7 in Fighting
  6928 | D:9      | Reached * piety under Cheibriados
  7080 | D:9      | Noticed a cyclops
  7091 | D:9      | HP: 2/72 [cyclops (17)]
  7099 | D:9      | Killed a cyclops
  7100 | D:9      | Reached XP level 10. HP: 6/79 MP: 7/12
  7464 | D:10     | Entered Level 10 of the Dungeon
  7472 | D:10     | Reached skill level 1 in Spellcasting
  7519 | D:10     | Slain by a troll

Illustrated notes

Levels and vault maps discovered:
D:1:      lightli_arrival_flooded_house, layout_rooms,
          chequers_serial_rivers_small_a
D:2:      layout_basic, dreamdust_ecumenical_altar_drowned_temple,
          minmay_joined_circles, uniq_jessica
D:3:      layout_basic, mainiacjoe_overflow_boulevard,
          nicolae_ru_sacrificial_ziggurat, minmay_misc_feat_square,
          kennysheep_cross_bottleneck
D:4:      layout_cave_pods, patterned_corridor
D:5:      layout_gridville, nicolae_nh_oracle_at_delphi
D:6:      nicolae_cairo_tiling_large, layout_loops_ring,
          mainiacjoe_overflow_catwalk, hex_large, nicolae_elevator_lobby_plus,
          uniq_sigmund, uniq_pikel
D:7:      layout_rooms, nzn_hepliaklqana_mist_gate, makhleb_heckhound_becter,
          minmay_temple_entry_antechambers, serial_shops, kennysheep_mini_moat
D:8:      layout_basic, jmf_multi_god_temple, serial_shops, shop
D:9:      layout_irregular_city, nicolae_uskayaw_dance_hall,
          nemelex_xobeh_ov_fountains_minmay, amethyst_overflow_temple_binary,
          tso_oasis_becter, orc_0_dummy, kennysheep_generic_room_13
D:10:     layout_rooms, erik_lair_orcish_takeover,
          chequers_serial_rivers_micro_d

Skill      XL: |  1  2  3  4  5  6  7  8  9 10 |
---------------+-------------------------------+-----
Axes           | 2 3 4 |  4.0
Shields        | 3 4 5 6 |  6.5
Armour         | 3 4 5 6 |  6.4
Fighting       | 4 5 6 7 |  7.2
Dodging        | 1 2 4 |  4.2
Unarmed Combat | 1 2 4 |  4.4
Transmutations | 1 2 4 |  4.3
Invocations    | 2 3 |  3.1
Spellcasting   | 1 |  1.2

Action                     |  1- 3 |  4- 6 |  7- 9 | 10-12 || total
---------------------------+-------+-------+-------+-------++-------
  Melee: War axe           |    85 |   174 |   200 |    16 ||   475
         Kick              |       |       |     3 |     5 ||     8
         Headbutt          |       |       |       |     1 ||     1
  Throw: Boomerang         |       |     2 |       |       ||     2
   Cast: Wereblood         |       |       |     5 |     1 ||     6
         Beastly Appendage |       |       |     2 |     1 ||     3
 Invoke: Bend Time         |       |       |     1 |       ||     1
  Evoke: Wand              |       |     8 |    24 |       ||    32
    Use: Scroll            |       |    10 |     5 |     3 ||    18
         Potion            |       |       |     1 |       ||     1
   Stab: Distracted        |       |     1 |       |       ||     1
 Armour: Scale mail        |    43 |    63 |    80 |     6 ||   192
  Dodge: Dodged            |    44 |    50 |    70 |    10 ||   174
  Block: Buckler           |    26 |    87 |   156 |    23 ||   292
         Reflection        |       |     5 |    10 |       ||    15
